 Dungeon Crawl Stone Soup version 0.19.0-11-g3fc08b3 (webtiles) character file.

140 Chiseanne the Stinger (level 5, -2/45 HPs)
             Began as a Centaur Venom Mage on Nov 8, 2016.
             Slain by Sigmund
             ... wielding a +2 scythe of protection
              (11 damage)
             ... on level 3 of the Dungeon.
             The game lasted 00:05:29 (4204 turns).

Chiseanne the Stinger (Centaur Venom Mage)          Turns: 4204, Time: 00:05:31

Health: -2/45      AC:  8    Str: 10    XL:     5   Next: 2%
Magic:  7/7        EV:  9    Int: 14    God:
Gold:   96         SH:  0    Dex: 11    Spells: 1 memorised, 6 levels left

rFire  . . .     SeeInvis .     s - +0 hand axe
rCold  . . .     Gourm    .     o - +0 ring mail
rNeg   . . .     Faith    .     (no shield)
rPois  .         Spirit   .     m - +0 helmet
rElec  .         Reflect  .     (no cloak)
rCorr  .         Harm     .     w - +1 pair of gloves
MR     .....                    (no barding)
Stlth  ..........               (no amulet)
                                (no ring)
                                (no ring)

@: very slightly contaminated, very quick
A: hooves 3, deformed body, speed 2, tough skin 3
a: no special abilities


You were on level 3 of the Dungeon.
You were not hungry.

You visited 1 branch of the dungeon, and saw 3 of its levels.

You collected 96 gold pieces.

Inventory:

Hand Weapons
 s - a +0 hand axe (weapon)
Missiles
 f - 119 stones (quivered)
 k - 30 poisoned needles
 q - 30 arrows
Armour
 m - a +0 helmet (worn)
 o - a +0 ring mail (worn)
 w - a +1 pair of gloves (worn)
Scrolls
 g - a scroll of remove curse
 l - a scroll of magic mapping
 n - a scroll of identify
 u - a scroll of teleportation
Potions
 a - a potion of haste
 i - a potion of flight
 t - a potion of ambrosia {unknown}
Books
 b - a Young Poisoner's Handbook

   Spells                             Type                      Level
   a - Sting                          Conjuration/Poison           1
   b - Mephitic Cloud                 Conjuration/Poison/Air       3
   c - Olgreb's Toxic Radiance        Poison                       4
   d - Alistair's Intoxication        Transmutation/Poison         5
   e - Venom Bolt                     Conjuration/Poison           5
Comestibles
 c - 2 bread rations
 d - a chunk of flesh
 h - 3 beef jerkies
 p - 2 royal jellies
 r - 2 slices of pizza


   Skills:
 * Level 3.1 Fighting
 * Level 3.0 Dodging
 - Level 1.1 Stealth
 - Level 1.5 Spellcasting
 - Level 3.2 Poison Magic


You had 6 spell levels left.
You knew the following spells:

 Your Spells              Type           Power        Failure   Level  Hunger
a - Sting                 Conj/Pois      #...         34%         1    ##.....


Dungeon Overview and Level Annotations

Branches:
Dungeon (3/15)

Altars:
Fedhas

Annotations:
D:3 Sigmund; feelmyfire's ghost, amateur GrFi


Innate Abilities, Weirdness & Mutations

You have hooves in place of feet.
Armour fits poorly on your strangely shaped body.
You cover ground very quickly.
You have extremely tough skin. (AC +3)


Message History

You bump into the rock wall.
You feel yourself slow down.
You bump into the rock wall.
Something hits you but does no damage.
You barely miss something. You kick something.
You feel less confused. Something hits you but does no damage.
You closely miss something.
You hear some strange, mumbled words.
A magic dart appears from out of thin air!
The magic dart hits you!
You hit something but do no damage. You kick something.
You hear some strange, mumbled words.
A puff of flame appears from out of thin air!
The puff of flame hits you!
* * * LOW HITPOINT WARNING * * *
You miss something. You kick something.
You hear some strange, mumbled words.
Something tries to affect you, but you resist.
You hit something. Something hits you!
You die...

###...#########.#...####
##.## ####.##.## #.#
#.......# #.# #.#####.#
####.# #.### ..##.#
#...# #.##.# #.#.#
.....# #.#####.#.#
#.#### #...{@%.#.# #.#
#########.# #.# .# ..#
.. ### ##


There were no monsters in sight!

Vanquished Creatures
  Jessica (D:3)
  4 gnolls (D:2)
  2 adders (D:2)
  An ooze (D:1)
  A worm (D:3)
  A dart slug (D:1)
  5 leopard geckos
  3 giant cockroaches
  5 goblins
  2 hobgoblins (D:1)
  3 jackals (D:3)
  2 quokkas (D:2)
  A ball python (D:2)
  5 bats
  5 frilled lizards
  5 kobolds
46 creatures vanquished.

Notes
Turn   | Place    | Note
-------+----------+-------------------------------------------
     0 | D:1      | Chiseanne the Centaur Venom Mage began the quest for the Orb.
     0 | D:1      | Reached XP level 1. HP: 14/14 MP: 3/3
   372 | D:1      | Reached skill level 1 in Fighting
   392 | D:1      | Reached XP level 2. HP: 14/23 MP: 4/4
  1549 | D:1      | Reached XP level 3. HP: 22/29 MP: 5/5
  2469 | D:2      | Reached XP level 4. HP: 15/37 MP: 0/6
  3508 | D:3      | Noticed Jessica
  3513 | D:3      | Killed Jessica
  3581 | D:3      | Found a blossoming altar of Fedhas.
  3635 | D:3      | Noticed feelmyfire's ghost (amateur GrFi)
  3962 | D:3      | Reached XP level 5. HP: 42/45 MP: 7/7
  4149 | D:3      | Noticed Sigmund
  4204 | D:3      | Slain by Sigmund

Skill      XL: |  1  2  3  4  5 |
---------------+----------------+-----
Fighting       | 1 2 3 |  3.1
Dodging        | 2 3 |  3.0
Stealth        | |  1.1
Spellcasting   | |  1.5
Poison Magic   | |  3.2

Action                   |  1- 3 |  4- 6 || total
-------------------------+-------+-------++-------
Melee: Club              |    57 |       ||    57
       Unarmed           |     6 |       ||     6
       Kick              |    12 |    24 ||    36
       Mace              |    12 |       ||    12
       Hand axe          |    46 |   115 ||   161
 Cast: Sting             |    15 |    12 ||    27
  Use: Potion            |     2 |     5 ||     7
       Scroll            |       |     8 ||     8
 Stab: Sleeping          |     1 |       ||     1
  Eat: Chunk             |     3 |     7 ||    10
Armor: Robe              |    58 |    20 ||    78
       Ring mail         |       |    25 ||    25
Dodge: Dodged            |    67 |    50 ||   117
